 Dungeon Crawl Stone Soup version 0.23-a0-490-ge7ea69a (webtiles) character file.

4 zishaf the Insei (level 1, -1/10 HPs)
             Began as a Vine Stalker Transmuter on Dec 2, 2018.
             Slain by a jackal (2 damage)
             ... on level 1 of the Dungeon.
             The game lasted 00:00:28 (96 turns).

zishaf the Insei (Vine Stalker Transmuter)            Turns: 96, Time: 00:00:29

Health: -1/10      AC:  2    Str: 12    XL:     1   Next: 60%
Magic:  0/4        EV: 12    Int: 13    God:
Gold:   18         SH:  0    Dex: 14    Spells: 3/4 levels left

rFire    . . .     SeeInvis .     - Unarmed
rCold    . . .     Gourm    .   (no shield)
rNeg     . . .     Faith    .   b - +0 robe
rPois    .         Spirit   +   (no helmet)
rElec    .         Reflect  .   (no cloak)
rCorr    .         Harm     .   (no gloves)
MR       .....                  (no boots)
Stlth    +.........             g - amulet of inaccuracy (curse)
HPRegen  0.03/turn              (no ring)
MPRegen  0.09/turn              (no ring)

@: no status effects
A: fangs 2, magic shield, antimagic bite, no potion heal 3, rot immunity
a: no special abilities


You were on level 1 of the Dungeon.
You were not hungry.

You visited 1 branch of the dungeon, and saw 1 of its levels.

You collected 18 gold pieces.

Inventory:

Missiles
 a - 12 arrows
Armour
 b - a +0 robe (worn)
Jewellery
 g - a cursed amulet of inaccuracy (around neck)
Scrolls
 c - a scroll of random uselessness {unknown}
 e - a scroll of remove curse {unknown}
 f - a scroll of fog {unknown}
 h - a scroll of immolation {unknown}
Comestibles
 d - a ration


   Skills:
 * Level 1.0 Fighting
 * Level 1.6 Dodging
 * Level 3.0 Unarmed Combat
 + Level 2.2 Spellcasting
 + Level 2.0 Transmutations


You had 3 spell levels left.
You knew the following spells:

 Your Spells              Type           Power        Failure   Level  Hunger
a - Beastly Appendage     Tmut           #.....       11%         1    ##.....

Your spell library contained the following spells:

 Spells                   Type           Power        Failure   Level  Hunger
 Sticks to Snakes         Tmut           #.......     16%         2    ###....
 Spider Form              Tmut/Pois      #.........   45%         3    ####...
 Ice Form                 Ice/Tmut       #.......     86%         4    #####..
 Blade Hands              Tmut           #.........   96%         5    ######.


Dungeon Overview and Level Annotations

Branches:
Dungeon (1/15)

Altars:


Innate Abilities, Weirdness & Mutations

You have extremely sharp teeth.
When hurt, damage is shared between your health and your magic reserves.
Your bite disrupts and absorbs the magic of your enemies.
Potions cannot restore your health.
You are immune to rotting.


Message History

You miss the jackal. Your bite misses the jackal.
The jackal is severely wounded.
The jackal bites you.
* * * LOW HITPOINT WARNING * * *
You miss the jackal. Your bite misses the jackal.
The jackal is severely wounded.
The jackal bites you.
* * * LOW HITPOINT WARNING * * *
A jackal comes into view.
The jackal barks!
You hit the jackal.
You kill the jackal!
You miss the jackal. You bite the jackal, but do no damage.
The jackal bites you but does no damage.
The jackal misses you.
You closely miss the jackal. The jackal closely misses you.
You miss the jackal. Your bite misses the jackal.
The jackal bites you but does no damage.
You miss the jackal. The jackal misses you. The jackal bites you.
You die...

# #####.#
#..@h.#
#.#####
#.# #.#
#.#######
#.......#
#######.#
#.# #.#


You could see a jackal.

Vanquished Creatures
  3 jackals (D:1)
3 creatures vanquished.

Notes
Turn   | Place    | Note
-------+----------+-------------------------------------------
     0 | D:1      | zishaf the Vine Stalker Transmuter began the quest for the
                  | Orb.
     0 | D:1      | Reached XP level 1. HP: 9/9 MP: 4/4
    86 | D:1      | Reached skill level 1 in Fighting
    96 | D:1      | Slain by a jackal

Vault maps used:
D:1:      shiori_arrival_oz

Skill      XL: |  1 |
---------------+----+-----
Fighting       | 1 |  1.0
Dodging        | |  1.6
Unarmed Combat | |  3.0
Spellcasting   | |  2.2
Transmutations | |  2.0

Action                   || total
-------------------------++-------
Melee: Unarmed           ||    21
       Bite              ||     7
Armor: Robe              ||     5
Dodge: Dodged            ||    13

Table legend:
 A = Non-vault XP
 B = Vault XP
 C = Vault XP percentage of total XP
 D = Non-vault monster count
 E = Vault monster count
 F = Vault count percentage of total count
                 A         B        C        D         E       F
            +---------+---------+-------+---------+---------+-------
      Total |       6 |       0 |   0.0 |       3 |       0 |   0.0
            +---------+---------+-------+---------+---------+-------
        D:1 |       6 |       0 |   0.0 |       3 |       0 |   0.0
            +---------+---------+-------+---------+---------+-------
